 Dungeon Crawl Stone Soup version 0.21-a0-633-g4c047d5 (console) character file.

72284 toffzen the Transmogrifier (level 15, -20/134 HPs)
             Began as a White Draconian Transmuter on Dec 19, 2017.
             Was the Champion of Makhleb.
             Demolished by Agnes
             ... wielding a +0 lajatang
              (25 damage)
             ... on level 14 of the Dungeon on Dec 28, 2017.
             The game lasted 02:29:56 (36094 turns).

toffzen the Transmogrifier (DrTm)                  Turns: 36094, Time: 02:29:57

Health: -20/134    AC: 14    Str: 17    XL:     15   Next: 0%
Magic:  16/23      EV: 18    Int: 18    God:    Makhleb [******]
Gold:   1309       SH:  3    Dex: 13    Spells: 3/18 levels left

rFire    + . .     SeeInvis .     - Unarmed
rCold    + . .     Gourm    .   (shield currently unavailable)
rNeg     . . .     Faith    .   (armour unavailable)
rPois    .         Spirit   .   W - +0 hat {MR+}
rElec    .         Reflect  +   P - +2 cloak
rCorr    .         Harm     .   (gloves currently unavailable)
MR       ++...                  q - +1 pair of boots
Stlth    +.........             y - +3 amulet of reflection
HPRegen  0.32/turn              R - ring of protection from fire
MPRegen  0.18/turn              k - +4 ring of strength

@: blade hands, very slightly contaminated
A: breathe frost, unfitting armour, cold resistance 1, cold-blooded, AC +9
a: Breathe Frost, End Transformation, Minor Destruction, Lesser Servant of
Makhleb, Major Destruction, Greater Servant of Makhleb, Renounce Religion


You were on level 14 of the Dungeon.
You worshipped Makhleb.
Makhleb was exalted by your worship.
You were not hungry.
You had blades for hands.
You visited 2 branches of the dungeon, and saw 20 of its levels.
You also visited: Ossuary.

You collected 1509 gold pieces.
You spent 200 gold pieces at shops.

Inventory:

Missiles
 a - 372 arrows
 e - 737 stones (quivered)
 O - a throwing net
Armour
 q - a +1 pair of boots (worn)
 J - a +2 hat
 P - a +2 cloak (worn)
 V - a +0 pair of gloves (melded)
 W - a +0 hat of magic resistance (worn)
Jewellery
 k - a +4 ring of strength (right scythe-like blade)
 y - a +3 amulet of reflection (around neck)
 B - an uncursed ring of resist corrosion
 C - an uncursed ring of flight
 M - an uncursed ring of protection from cold
 R - a ring of protection from fire (left scythe-like blade)
Wands
 f - a wand of iceblast (31)
 v - a wand of disintegration (27)
 w - a wand of acid (7)
 Q - a wand of digging (15)
 X - a wand of flame (18)
Scrolls
 g - 3 scrolls of magic mapping
 i - 8 scrolls of remove curse
 l - 6 scrolls of teleportation
 m - 4 scrolls of enchant weapon
 p - 2 scrolls of immolation
 A - 2 scrolls of amnesia
 D - a scroll of fog {unknown}
 F - a scroll of acquirement {unknown}
 N - a scroll of vulnerability {unknown}
 S - 3 scrolls of torment
Potions
 d - 3 potions of flight
 h - a potion of cancellation {unknown}
 j - a potion of haste
 n - a potion of might
 s - a potion of agility
 t - 3 potions of brilliance
 z - a potion of invisibility
 G - 2 potions of magic
 H - a potion of berserk rage {unknown}
 I - 6 potions of degeneration
 L - a potion of resistance
 U - a potion of mutation
Books
 b - a book of Changes

   Spells                             Type                      Level
   a - Beastly Appendage              Transmutation                1
   b - Sticks to Snakes               Transmutation                2
   c - Spider Form                    Transmutation/Poison         3
   d - Ice Form                       Ice/Transmutation            4
   e - Blade Hands                    Transmutation                5
 o - a book of Cantrips

   Spells                             Type                      Level
   a - Confusing Touch                Hexes                        1
   b - Animate Skeleton               Necromancy                   1
   c - Summon Small Mammal            Summoning                    1
   d - Apportation                    Translocation                1
 x - a book of Debilitation

   Spells                             Type                      Level
   a - Corona                         Hexes                        1
   b - Slow                           Hexes                        2
   c - Inner Flame                    Hexes/Fire                   3
   d - Portal Projectile              Hexes/Translocation          3
   e - Cause Fear                     Hexes                        4
   f - Leda's Liquefaction            Hexes/Earth                  4
 E - a book of Callings

   Spells                             Type                      Level
   a - Summon Small Mammal            Summoning                    1
   b - Call Imp                       Summoning                    2
   c - Call Canine Familiar           Summoning                    3
   d - Summon Guardian Golem          Hexes/Summoning              3
   e - Summon Lightning Spire         Summoning/Air                4
   f - Summon Ice Beast               Ice/Summoning                4
 T - a book of Minor Magic

   Spells                             Type                      Level
   a - Magic Dart                     Conjuration                  1
   b - Blink                          Translocation                2
   c - Call Imp                       Summoning                    2
   d - Slow                           Hexes                        2
   e - Conjure Flame                  Conjuration/Fire             3
   f - Mephitic Cloud                 Conjuration/Poison/Air       3
Miscellaneous
 u - a phantom mirror
 Z - a box of beasts
Comestibles
 c - 9 rations


   Skills:
 + Level 12.7 Fighting
 + Level 9.9 Dodging
 + Level 12.5 Unarmed Combat
 - Level 2.0 Spellcasting
 + Level 13.5 Transmutations
 - Level 2.3 Poison Magic
 + Level 11.9 Evocations


You had 3 spell levels left.
You knew the following spells:

 Your Spells              Type           Power        Failure   Level  Hunger
a - Beastly Appendage     Tmut           ######       6%          1    #......
b - Sticks to Snakes      Tmut           ######..     7%          2    ###....
c - Spider Form           Tmut/Pois      ####......   21%         3    ###....
d - Blade Hands           Tmut           ######....   21%         5    ######.
e - Ice Form              Ice/Tmut       ####....     47%         4    #####..


Dungeon Overview and Level Annotations

Branches:
Dungeon (14/15)            Temple (0/1) D:7            Lair (6/6) D:11
  Swamp (0/4) Lair:3        Snake (0/4) Lair:4        Slime (0/5) Lair:5
    Orc (0/2) D:12
 Vaults: D:13-14

Altars:
Ashenzari
Cheibriados
Dithmenos
Fedhas
Hepliaklqana
Kikubaaqudgha
Makhleb
Okawaru
Qazlal
Sif Muna
Trog
Vehumet
Yredelemnul
The Shining One
Jiyva

Shops:
D:4 ![=   D:8 (

Annotations:
D:5 1 runed door
D:7 exclusions: downstairs and 1 more exclusion
D:8 Erica
D:10 SpeedyPerson7's ghost, journeyman MiBe
D:14 Agnes
Lair:4 exclusion: 4 oklob plants, Nessos


Innate Abilities, Weirdness & Mutations

You can breathe waves of freezing cold.
You can buffet flying creatures when you breathe cold.
Your icy white scales are hard. (AC +9)
You cannot fit into any form of body armour.
Your flesh is cold resistant. (rC+)
You are cold-blooded and may be slowed by cold attacks.


Message History

You destroy the vampire mosquito!
Makhleb accepts your kill.
You feel better. Something misses your water moccasin.
Agnes throws a stone.
The stone hits your water moccasin!!
Agnes throws a stone.
The stone hits your water moccasin.
You swap places.
Agnes throws a stone.
The stone hits you.
You see here a stone.
Agnes hits you with a lajatang!!!
* * * LOW HITPOINT WARNING * * *
Agnes misses you.
You closely miss Agnes.
Agnes is severely wounded.
Agnes hits you with a lajatang!
* * * LOW HITPOINT WARNING * * *
You shred Agnes!!!
Agnes is almost dead.
Agnes says, "I despise a dishonourable opponent."
Agnes hits you with a lajatang!!
You die...

### ..# ####.#####
#........# ####
..##.## ..# ......#
######.# ......#
#c{yi@S# #####.#
#.####(# ... #.#
#.####.# ##.##.####
#.##...#
.........###y##.#.#
.............##.#.#
#........(.{S.....##
#........<.yi<.....#
..........c.######.#


You could see Agnes, a centaur warrior, a vampire mosquito and a friendly water
moccasin.

Vanquished Creatures
  Kirke (D:13)
  Gastronok (Lair:2)
  The ghost of Soeti the Martial Artist, a journeyman DsMo of Cheibriados (D:13)
  Azrael (D:12)
  Erolcha (D:9)
  A catoblepas (D:14)
  Fannar (Lair:2)
  6 hydras
  2 centaur warriors (D:13)
  2 two-headed ogres (D:13)
  A tengu warrior (D:14)
  9 death yaks
  A fire crab (shapeshifter) (D:13)
  Pikel (D:6)
  An orc knight (D:13)
  A manticore (D:14)
  3 ugly things (D:11)
  A cyclops (D:11)
  10 elephants
  An orc sorcerer (D:13)
  Maurice (D:12)
  8 black mambas
  32 spiny frogs
  2 gargoyles (D:10)
  A torpor snail (Lair:3)
  14 komodo dragons
  A troll (D:10)
  2 polar bears
  5 tyrant leeches (Lair:6)
  4 slime creatures (D:13)
  Prince Ribbit (D:8)
  6 dream sheep
  20 blink frogs
  6 hippogriffs
  Sigmund (D:5)
  2 vampires
  8 basilisks
  22 yaks
  3 fire elementals (D:12)
  2 hogs (D:13)
  7 vampire mosquitoes
  Eustachio (D:5)
  2 hungry ghosts (D:10)
  Grum (D:9)
  2 swamp worms (Lair:3)
  A soldier ant (D:13)
  12 water moccasins
  3 hell hounds (D:12)
  4 ice beasts
  7 porcupines
  A black bear (D:6)
  3 slaves (D:6)
  6 orc warriors
  6 ogres
  3 sky beasts
  2 eyes of draining
  2 phantoms (D:5)
  9 centaurs
  11 wolves
  A big kobold (D:8)
  16 crocodiles
  5 elf zombies (Ossuary)
  24 bullfrogs
  2 wyvern zombies
  5 scorpions
  A water moccasin skeleton (D:8)
  4 killer bees (D:10)
  10 wights
  2 howler monkeys (D:5)
  6 crimson imps
  7 centaur zombies
  A bullfrog zombie (D:12)
  6 hounds
  A quasit (D:11)
  3 human zombies (Ossuary)
  8 orc priests
  Ijyb (D:3)
  7 jellies
  3 bullfrog skeletons
  7 iguanas
  3 centaur skeletons
  10 orc wizards
  4 worker ants
  A killer bee zombie (D:8)
  A hound skeleton (D:6)
  3 mummies (Ossuary)
  A worker ant zombie (D:11)
  Robin (D:4)
  8 gnolls
  7 adders
  4 shadow imps
  An adder skeleton (D:7)
  A worm (D:2)
  A dart slug (D:2)
  2 leopard geckos
  36 orcs
  9 bats
  7 giant cockroaches
  17 hobgoblins
  6 jackals
  10 kobolds
  A quokka (D:5)
  7 ball pythons
  7 frilled lizards
  15 goblins
  A quokka zombie (D:9)
  19 rats
  A spectral orc (D:7)
  A butterfly (Lair:6)
575 creatures vanquished.

Vanquished Creatures (collateral kills)
  A hydra (Lair:5)
  Psyche (D:8)
  A dream sheep (Lair:5)
  A yak (D:10)
  A centaur (D:14)
  A gnoll sergeant (D:7)
  A centaur zombie (D:9)
  2 orcs
9 creatures vanquished.

Vanquished Creatures (others)
  2 humans (D:13)
  A hound skeleton (D:6)
  An orc (D:6)
  8 fungi
  40 plants
52 creatures vanquished.

Grand Total: 636 creatures vanquished

Notes
Turn   | Place    | Note
-------+----------+-------------------------------------------
     0 | D:1      | toffzen the Draconian Transmuter began the quest for the Orb.
     0 | D:1      | Reached XP level 1. HP: 16/16 MP: 3/3
   208 | D:1      | Reached XP level 2. HP: 23/23 MP: 5/5
   245 | D:1      | Learned a level 2 spell: Sticks to Snakes
   535 | D:1      | Reached XP level 3. HP: 24/28 MP: 6/6
   989 | D:2      | Reached skill level 3 in Transmutations
  1050 | D:2      | Upgraded the game from 0.21-a0-582-g1b93aee to 0.21-a0-584-g185da8e
  1181 | D:2      | Learned a level 3 spell: Spider Form
  1447 | D:2      | Reached skill level 1 in Poison Magic
  1843 | D:3      | Noticed Ijyb
  1876 | D:3      | Killed Ijyb
  1876 | D:3      | Reached XP level 4. HP: 19/35 MP: 3/7
  2398 | D:3      | Found a hazy altar of Hepliaklqana.
  2441 | D:3      | Reached XP level 5. HP: 40/40 MP: 5/8
  2468 | D:3      | Found a shattered altar of Ashenzari.
  2724 | D:3      | Found a blossoming altar of Fedhas.
  3331 | D:3      | Found a glowing golden altar of the Shining One.
  3631 | D:4      | Reached skill level 4 in Transmutations
  4047 | D:4      | Reached XP level 6. HP: 40/47 MP: 5/9
  4111 | D:4      | Found a stormy altar of Qazlal.
  4208 | D:4      | Found Uzoonn's Distillery.
  4211 | D:4      | Bought 2 potions of haste for 200 gold pieces
  4296 | D:4      | Found Duxzy's Antique Armour Shoppe.
  4461 | D:4      | Found Satzemm's Jewellery Shoppe.
  4479 | D:4      | Found a burning altar of Makhleb.
  4492 | D:4      | Noticed Robin
  4531 | D:4      | Killed Robin
  4976 | D:5      | Entered Level 5 of the Dungeon
  4986 | D:5      | Reached skill level 5 in Unarmed Combat
  5159 | D:5      | Noticed a sky beast
  5199 | D:5      | Killed a sky beast
  5199 | D:5      | Reached skill level 5 in Transmutations
  5199 | D:5      | Your scales start taking on an icy white colour.
  5199 | D:5      | Reached XP level 7. HP: 30/56 MP: 4/10
  5199 | D:5      | Gained mutation: Your flesh is cold resistant. (rC+) [White Draconian growth]
  5809 | D:5      | Reached skill level 6 in Transmutations
  6078 | D:5      | Noticed Sigmund
  6119 | D:5      | Killed Sigmund
  6119 | D:5      | Reached XP level 8. HP: 52/66 MP: 6/11
  6254 | D:5      | Found a runed door.
  6442 | D:4      | Became a worshipper of Makhleb the Destroyer
  6513 | D:5      | Noticed Eustachio
  6759 | D:5      | Found a stormy altar of Qazlal.
  6830 | D:5      | Killed Eustachio
  6830 | D:5      | Reached skill level 7 in Transmutations
  6830 | D:5      | Reached skill level 1 in Evocations
  7796 | D:5      | Reached skill level 5 in Fighting
  8463 | D:6      | Noticed Pikel
  8497 | D:6      | Killed Pikel
  8497 | D:6      | Reached XP level 9. HP: 41/75 MP: 9/12
  8866 | D:6      | Reached skill level 8 in Transmutations
  9034 | D:6      | Learned a level 5 spell: Blade Hands
 10019 | D:7      | Found a radiant altar of Vehumet.
 10027 | D:7      | Found an iron altar of Okawaru.
 10041 | D:7      | Found a shattered altar of Ashenzari.
 10209 | D:7      | Reached * piety under Makhleb
 10224 | D:7      | Found a staircase to the Ecumenical Temple.
 10539 | D:7      | Found a snail-covered altar of Cheibriados.
 10953 | D:7      | Found a basalt altar of Yredelemnul.
 11187 | D:8      | Found Urchi's Weapon Emporium.
 11224 | D:8      | Found a deep blue altar of Sif Muna.
 11224 | D:8      | Found a shadowy altar of Dithmenos.
 11232 | D:8      | Noticed Psyche
 11255 | D:8      | Killed Psyche
 11510 | D:8      | Reached skill level 5 in Evocations
 11516 | D:8      | Found a sand-covered staircase.
 11522 | Ossuary  | Entered an ossuary
 11597 | Ossuary  | Reached XP level 10. HP: 59/86 MP: 9/13
 11893 | Ossuary  | Reached ** piety under Makhleb
 12033 | D:8      | Noticed Prince Ribbit
 12038 | D:8      | Killed Prince Ribbit
 12038 | D:8      | Reached skill level 9 in Transmutations
 12049 | D:8      | Found a bloodstained altar of Trog.
 12550 | D:8      | Noticed Erica
 13057 | D:9      | Noticed Erolcha
 13086 | D:9      | Killed Erolcha
 14108 | D:9      | Noticed Grum
 14286 | D:9      | Killed Grum
 14667 | D:10     | Entered Level 10 of the Dungeon
 14704 | D:10     | Noticed SpeedyPerson7's ghost (journeyman MiBe)
 15013 | D:10     | Noticed a gargoyle
 15017 | D:10     | Reached *** piety under Makhleb
 15024 | D:10     | Killed a gargoyle
 15172 | D:10     | Reached XP level 11. HP: 94/95 MP: 14/16
 15510 | D:10     | Reached skill level 10 in Transmutations
 18917 | D:11     | Noticed a green ugly thing
 18919 | D:11     | Noticed a purple ugly thing
 18967 | D:11     | Reached **** piety under Makhleb
 19025 | D:11     | Noticed a white ugly thing
 19047 | D:11     | Killed a white ugly thing
 19355 | D:11     | Found a staircase to the Lair.
 19594 | D:11     | Killed a red ugly thing
 19599 | D:11     | Killed a green ugly thing
 20277 | Lair:1   | Entered Level 1 of the Lair of Beasts
 20320 | Lair:1   | Reached skill level 5 in Dodging
 20651 | Lair:1   | Noticed a seven-headed hydra
 20662 | Lair:1   | Killed a seven-headed hydra
 21111 | Lair:1   | Reached XP level 12. HP: 104/104 MP: 12/18
 21123 | Lair:1   | Reached skill level 11 in Transmutations
 21194 | Lair:1   | Learned a level 4 spell: Ice Form
 21704 | Lair:2   | Noticed Gastronok
 21744 | Lair:2   | Killed Gastronok
 21744 | Lair:2   | Reached skill level 10 in Unarmed Combat
 21989 | Lair:2   | Noticed Fannar
 22012 | Lair:2   | Killed Fannar
 23421 | Lair:3   | Noticed a four-headed hydra
 23455 | Lair:3   | Killed a four-headed hydra
 23455 | Lair:3   | Reached skill level 10 in Fighting
 24485 | Lair:3   | Found a staircase to the Swamp.
 24603 | Lair:3   | Noticed a four-headed hydra
 24633 | Lair:3   | Killed a four-headed hydra
 25166 | Lair:4   | Noticed a five-headed hydra
 25190 | Lair:4   | Killed a five-headed hydra
 25627 | Lair:4   | Reached XP level 13. HP: 107/114 MP: 16/20
 25780 | Lair:4   | Noticed Nessos
 25896 | Lair:4   | Reached ***** piety under Makhleb
 26168 | Lair:5   | Found a viscous altar of Jiyva.
 26169 | Lair:5   | Found a staircase to the Slime Pits.
 26201 | Lair:5   | Reached skill level 10 in Evocations
 26441 | Lair:5   | Found an ancient bone altar of Kikubaaqudgha.
 26517 | Lair:5   | Reached skill level 12 in Transmutations
 27088 | Lair:6   | Entered Level 6 of the Lair of Beasts
 28138 | Lair:4   | Found a staircase to the Snake Pit.
 28567 | Lair:5   | HP: 8/174 [poisoned by a spiny frog]
 30015 | Lair:6   | HP: 1/116 [seven-headed hydra (9)]
 30473 | Lair:6   | Reached XP level 14. HP: 104/124 MP: 14/22
 32249 | Lair:6   | Reached skill level 13 in Transmutations
 33288 | D:12     | Noticed Maurice
 33297 | D:12     | Killed Maurice
 33482 | D:12     | Noticed Azrael
 33498 | D:12     | Killed Azrael
 34142 | D:12     | Found a staircase to the Orcish Mines.
 34300 | D:13     | Upgraded the game from 0.21-a0-584-g185da8e to 0.21-a0-633-g4c047d5
 34597 | D:13     | Noticed Kirke
 34630 | D:13     | Killed Kirke
 35159 | D:13     | Reached ****** piety under Makhleb
 35488 | D:13     | Noticed Soeti's ghost (journeyman DsMo)
 35793 | D:13     | Killed Soeti's ghost
 35793 | D:13     | Reached XP level 15. HP: 65/134 MP: 18/23
 36025 | D:14     | Noticed Agnes
 36093 | D:14     | HP: 4/134 [Agnes/lajatang (13)]
 36094 | D:14     | Demolished by Agnes

Vault maps used:
D:1:      enne_arrival_octagon_isle, minmay_tiny_reverse_x
D:2:      minmay_rat_gold_closets
D:3:      lemuel_doored_altar, overflow_temple_1_default,
          nicolae_tso_swordbearing_angel, first_ration, evilmike_ruin_ashenzari,
          uniq_ijyb
D:4:      nicolae_qazlal_general_emergency, nicolae_overflow_hidden_temple,
          serial_shops, shop, kennysheep_mini_moat, shop, uniq_robin
D:5:      basic_altar, uniq_eustachio, uniq_crazy_yiuf_cottage, uniq_sigmund
D:6:      uniq_pikel
D:7:      cheibrodos_worm_habitat, yredelemnul_forgotten_temple_becter,
          minmay_overflow_temple_star_quad, minmay_temple_entry_crystal_x
D:8:      lemuel_round_altar, chequers_temple_overflow_statue_of_worship,
          nicolae_ossuary_entry_plus, serial_shops, nicolae_shop_crystal,
          blue_anna_alchemist, uniq_erica, uniq_psyche, uniq_prince_ribbit1
D:9:      uniq_grum, uniq_erolcha
D:10:     enter_bailey_3, patterned_corridor
D:11:     david_lair_shrubbed, serial_co_window_serial, co_window_paths_a,
          co_window_paths_a, co_window_paths_a, co_window_cross_1,
          co_window_paths_a, co_window_corner_b, co_window_corner_b,
          co_window_2corner, co_window_cross_4, co_window_of_opportunity_b,
          co_window_of_opportunity_c, co_window_paths_e, co_window_4corner_b,
          glass_columns_b, glass_columns_a, glass_columns_b, glass_columns_c,
          minmay_misc_feat_four_crosses
D:12:     orc_0_dummy, nrook_uturn, uniq_maurice, uniq_azrael
D:13:     uniq_kirke
D:14:     david_vaults_4, minmay_splitting_lines, uniq_agnes, uniq_louise
Lair:1:   grunt_forest_small_clearings
Lair:2:   uniq_fannar, uniq_gastronok
Lair:3:   minmay_swamp_entry_worms, grunt_megastairs_5
Lair:4:   minmay_lair_oklob_tunnel, dummy_snake_entry, lab_entry_generic,
          hibernation_bobbens, serial_bayou_shore_b, lemuel_fruit_fields,
          minmay_lair_oklob_chamber, uniq_nessos
Lair:5:   slime_altar_1, basic_altar, serial_bayou_lagoon_b
Lair:6:   minmay_lair_end_frog_pond, enter_volcano_2, st_stairs_4
Ossuary:  ossuary_minmay_four_chambers

Skill      XL: |  1  2  3  4  5  6  7  8  9 10 11 12 13 14 |
---------------+-------------------------------------------+-----
Transmutations | 3 4 5 6 7 8 9 10 11 12 13 | 13.5
Poison Magic   | 2 |  2.3
Unarmed Combat | 4 5 6 7 8 9 10 11 12 | 12.5
Fighting       | 2 4 5 7 8 9 10 11 12 | 12.7
Evocations     | 3 5 6 8 9 10 11 | 11.9
Dodging        | 5 7 8 9 |  9.9
Spellcasting   | |  2.0

Action                   |  1- 3 |  4- 6 |  7- 9 | 10-12 | 13-15 || total
-------------------------+-------+-------+-------+-------+-------++-------
Melee: Unarmed           |   195 |   176 |   377 |   884 |   670 ||  2302
       Tailslap          |    18 |    10 |     8 |    44 |    91 ||   171
       Kick              |    14 |     1 |       |     3 |       ||    18
       Headbutt          |     2 |     3 |     8 |     1 |       ||    14
       Punch             |     1 |     1 |     2 |    10 |    33 ||    47
Throw: Stone             |       |       |     1 |       |     2 ||     3
 Cast: Beastly Appendage |    17 |     7 |     3 |     7 |       ||    34
       Sticks to Snakes  |     2 |     1 |    13 |    51 |    22 ||    89
       Spider Form       |       |    16 |    48 |    63 |    11 ||   138
       Blade Hands       |       |       |       |    27 |    68 ||    95
       Ice Form          |       |       |       |       |     4 ||     4
 Abil: End Transformatio |       |     1 |     1 |     1 |    10 ||    13
       Breathe Frost     |       |       |    16 |    13 |     5 ||    34
Evoke: Wand              |       |     1 |       |       |       ||     1
  Use: Scroll            |       |     7 |     6 |    11 |     9 ||    33
       Potion            |       |       |     4 |     6 |    22 ||    32
 Stab: Sleeping          |     1 |       |     1 |     2 |       ||     4
       Distracted        |       |       |     1 |     3 |     2 ||     6
  Eat: Chunk             |     3 |    10 |    11 |    22 |    21 ||    67
       Ration            |       |     1 |     6 |    16 |    12 ||    35
Armor: Skin              |    59 |    26 |    26 |    59 |   105 ||   275
Dodge: Dodged            |   107 |   114 |   234 |   506 |   415 ||  1376
Block: Other             |       |       |    10 |    82 |    61 ||   153
       Reflection        |       |       |     1 |       |     1 ||     2

Table legend:
 A = Spawn XP
 B = Non-spawn XP
 C = Spawn XP percentage of total XP
 D = Spawn monster count
 E = Non-spawn monster count
 F = Spawn count percentage of total count
 G = Total turns spent on level
                    A         B        C        D         E        F      G
               +---------+---------+-------+---------+---------+-------+---------
         Total |       0 |  103263 |   0.0 |       0 |     580 |   0.0 | 36094
               +---------+---------+-------+---------+---------+-------+---------
           D:1 |       0 |      47 |   0.0 |       0 |      29 |   0.0 |   944
           D:2 |       0 |      63 |   0.0 |       0 |      32 |   0.0 |  1194
           D:3 |       0 |     192 |   0.0 |       0 |      30 |   0.0 |  1479
           D:4 |       0 |     167 |   0.0 |       0 |      20 |   0.0 |  1445
           D:5 |       0 |    1761 |   0.0 |       0 |      24 |   0.0 |  2610
           D:6 |       0 |    1756 |   0.0 |       0 |      21 |   0.0 |  1998
           D:7 |       0 |     886 |   0.0 |       0 |      20 |   0.0 |  1632
           D:8 |       0 |    1176 |   0.0 |       0 |      20 |   0.0 |  1236
           D:9 |       0 |    2673 |   0.0 |       0 |      24 |   0.0 |  1749
          D:10 |       0 |    3887 |   0.0 |       0 |      39 |   0.0 |  2706
          D:11 |       0 |    5299 |   0.0 |       0 |      43 |   0.0 |  2880
          D:12 |       0 |    3380 |   0.0 |       0 |      17 |   0.0 |  1402
          D:13 |       0 |   12479 |   0.0 |       0 |      29 |   0.0 |  1281
          D:14 |       0 |    4048 |   0.0 |       0 |      11 |   0.0 |   205
        Lair:1 |       0 |    3998 |   0.0 |       0 |      19 |   0.0 |  1185
        Lair:2 |       0 |    5907 |   0.0 |       0 |      14 |   0.0 |  1655
        Lair:3 |       0 |    5592 |   0.0 |       0 |      22 |   0.0 |  2105
        Lair:4 |       0 |    5587 |   0.0 |       0 |      28 |   0.0 |  1306
        Lair:5 |       0 |   14345 |   0.0 |       0 |      45 |   0.0 |  4907
        Lair:6 |       0 |   29178 |   0.0 |       0 |      78 |   0.0 |  1756
       Ossuary |       0 |     842 |   0.0 |       0 |      15 |   0.0 |   419
               +---------+---------+-------+---------+---------+-------+---------
